 Dungeon Crawl Stone Soup version 0.21-a0-404-g291f19a (webtiles) character file.

72 Slyspawn the Ducker (level 4, 0/33 HPs)
             Began as a Vampire Gladiator on Oct 31, 2017.
             Slain by a gnoll
             ... wielding a +0 flail
              (8 damage)
             ... on level 2 of the Dungeon.
             The game lasted 00:04:49 (1767 turns).

Slyspawn the Ducker (Vampire Gladiator)             Turns: 1767, Time: 00:04:50

Health: 0/33       AC:  4    Str: 14    XL:     4   Next: 7%
Magic:  4/4        EV: 14    Int: 10    God:
Gold:   71         SH:  0    Dex: 15    Spells: 3/3 levels left

rFire    . . .     SeeInvis +   a - +0 rapier
rCold    + . .     Gourm    .   (no shield)
rNeg     + + .     Faith    .   b - +0 leather armour
rPois    +         Spirit   .   c - +0 helmet
rElec    .         Reflect  .   (no cloak)
rCorr    .         Harm     .   (no gloves)
MR       .....                  (no boots)
Stlth    ++........             (no amulet)
HPRegen  0.05/turn              (no ring)
MPRegen  0.09/turn              (no ring)

@: regenerating slowly
A: fangs 3, see invisible, unbreathing
a: Bat Form


You were on level 2 of the Dungeon.
You were thirsty.

You visited 1 branch of the dungeon, and saw 2 of its levels.

You collected 71 gold pieces.

Inventory:

Hand Weapons
 a - a +0 rapier (weapon)
Missiles
 d - 3 throwing nets (quivered)
Armour
 b - a +0 leather armour (worn)
 c - a +0 helmet (worn)
 i - a +0 ring mail
Scrolls
 g - 3 scrolls of identify {unknown}
 l - a scroll of enchant weapon {unknown}
Potions
 e - 11 potions of blood
 f - a potion of lignification {unknown}
 h - a potion of degeneration {unknown}
 j - a potion of mutation {unknown}
 k - a potion of haste {unknown}


   Skills:
 + Level 2.2 Fighting
 + Level 4.1 Short Blades
 + Level 1.5 Throwing
 + Level 0.3 Armour
 + Level 4.4 Dodging
 + Level 0.3 Stealth


You had 3 spell levels left.
You didn't know any spells.

Dungeon Overview and Level Annotations

Branches:
Dungeon (2/15)

Altars:
Gozag
Qazlal


Innate Abilities, Weirdness & Mutations

You heal slowly.
You have razor-sharp teeth.
You have supernaturally acute eyesight. (SInv)
You can survive without breathing.


Message History

Yummy - fresh blood!
You are feeling thirsty.
The gnoll shouts!
You hear a shout!
The gnoll hits you but does no damage.
You hit the gnoll.
The gnoll is lightly wounded.
You barely miss the gnoll.
The gnoll hits you from afar with an enchanted spear.
You puncture the gnoll!
The gnoll is severely wounded.
The gnoll hits you with a flail! The gnoll hits you but does no damage.
You hit the gnoll but do no damage.
The gnoll is severely wounded.
The gnoll hits you with a flail!
* * * LOW HITPOINT WARNING * * *
The gnoll barely misses you.
You barely miss the gnoll. Your bite misses the gnoll.
The gnoll is severely wounded.
The gnoll hits you with a flail!
You die...

.#####..........._.....
.....#.###(###.......#.
.#.#.#.#.#...#.8..g8.#
.#.......#..### .... #.........
.#.#.#.#.#..g.###.## ........#
.#.#......#.....)..# #.......#
.#.###.##......##..# #.......#
.......##.##..g###.## #.......#
..........##..gg@...# #.......#
#.............####..###.......#
....#####.##..#...............#
..#.# #.....#.#...#........####
..#.#####.#####.#......#.###.....
..#.#..................#.# #..##.
..#.#.##.....##.#...#..#.# #..##.
....#......#.#............ #..#..
..###.#................#.# #..##.


You could see 3 gnolls.

Vanquished Creatures
  A gnoll (D:2)
  3 adders (D:2)
  An ooze (D:1)
  A dart slug (D:1)
  2 leopard geckos (D:2)
  2 giant cockroaches (D:1)
  7 goblins (D:1)
  A hobgoblin (D:1)
  2 jackals (D:1)
  3 bats
  A frilled lizard (D:1)
  2 kobolds (D:1)
  4 rats
30 creatures vanquished.

Notes
Turn   | Place    | Note
-------+----------+-------------------------------------------
     0 | D:1      | Slyspawn the Vampire Gladiator began the quest for the Orb.
     0 | D:1      | Reached XP level 1. HP: 16/16 MP: 1/1
    96 | D:1      | Reached XP level 2. HP: 20/22 MP: 2/2
   634 | D:1      | Reached XP level 3. HP: 27/27 MP: 3/3
   755 | D:2      | Found an opulent altar of Gozag.
  1012 | D:2      | Found a stormy altar of Qazlal.
  1140 | D:2      | Reached XP level 4. HP: 31/33 MP: 4/4
  1767 | D:2      | Slain by a gnoll

Vault maps used:
D:1:      minmay_arrival_three_doors
D:2:      grunt_gozag_statues, overflow_temple_1_default,
          chequers_temple_overflow_minitemple, grunt_qazlal_clouds

Skill      XL: |  1  2  3 |
---------------+----------+-----
Fighting       | 2 |  2.2
Dodging        | 4 |  4.4
Short Blades   | 4 |  4.1
Throwing       | |  1.5
Armour         | |  0.3
Stealth        | |  0.3

Action                   |  1- 3 |  4- 6 || total
-------------------------+-------+-------++-------
Melee: Rapier            |    92 |     8 ||   100
       Bite              |    12 |       ||    12
 Abil: End Transformatio |       |     1 ||     1
       Bat Form          |       |     1 ||     1
  Use: Potion            |       |     1 ||     1
 Stab: Sleeping          |     1 |       ||     1
Armor: Leather armour    |    24 |     1 ||    25
Dodge: Dodged            |    60 |     3 ||    63

Table legend:
 A = Spawn XP
 B = Non-spawn XP
 C = Spawn XP percentage of total XP
 D = Spawn monster count
 E = Non-spawn monster count
 F = Spawn count percentage of total count
 G = Total turns spent on level
                    A         B        C        D         E        F      G
               +---------+---------+-------+---------+---------+-------+---------
         Total |       0 |     104 |   0.0 |       0 |      30 |   0.0 |  1767
               +---------+---------+-------+---------+---------+-------+---------
           D:1 |       0 |      41 |   0.0 |       0 |      21 |   0.0 |  1268
           D:2 |       0 |      63 |   0.0 |       0 |       9 |   0.0 |   499
               +---------+---------+-------+---------+---------+-------+---------
